General information
- name: BNet
- type: Ladder team game (AT/RT)
- host: Battle.net
- saver: RoboCopIsTheLaw
map: GolemsInTheMist
- players: 8
- length: 29:39
- speed: Fast
- version: 1.26 W3XP
- replay type: Public
» download(161 KB)
Players
team 1 (loser)

»
BlackOutFade (
teal | 32 APM | 295 actions | 09:14)
2 Blood Mage
1 Flame Strike
1 Banish
» actions
| Basic commands | 5 | |
| Build / train | 34 | |
| Enter build submenu | 20 | |
| Enter hero's abilities submenu | 2 | |
| Give item / drop item | 1 | |
| Right click | 90 | |
| Select / deselect | 117 | |
| Use ability | 26 | |
295 total
» units
» upgrades
» buildings
| Altar of Kings | 1 | |
| Farm | 6 | |
| Lumber Mill | 1 | |
| Barracks | 1 | |
| Blacksmith | 1 | |
| Scout Tower | 4 | |
| Arcane Vault | 1 | |
| Town Hall | 1 | |
| Arcane Tower | 1 | |
| Guard Tower | 2 | |
| Keep | 1 | |
| Castle | 1 | |
| Workshop | 2 | |
23 total
» build order
00:13 Altar of Kings
00:16 Farm
00:53 Farm
01:16 Lumber Mill
01:22 Barracks
01:35 Farm
02:11 Blacksmith
03:19 Scout Tower
03:21 Scout Tower
03:54 Arcane Vault
04:32 Town Hall
04:51 Farm
05:10 Arcane Tower
05:20 Guard Tower
06:29 Keep
07:23 Scout Tower
07:25 Scout Tower
07:57 Guard Tower
08:18 Farm
08:23 Farm
08:52 Castle
09:02 Workshop
09:05 Workshop
» items
| Healing Salve | 1 | |
| Scroll of Regeneration | 1 | |
| Lesser Clarity Potion | 1 | |
3 total

»
redskins (
blue | 56 APM | 629 actions | 11:19)
3 Tauren Chieftain
2 Endurance Aura
1 Shockwave
» actions
| Assign group hotkey | 18 | |
| Basic commands | 20 | |
| Build / train | 54 | |
| Enter build submenu | 21 | |
| Enter hero's abilities submenu | 3 | |
| Give item / drop item | 1 | |
| Right click | 219 | |
| Select / deselect | 142 | |
| Select group hotkey | 111 | |
| Use ability | 40 | |
629 total
» units
| Peon | 8 | |
| Grunt | 11 | |
| Goblin Shredder | 5 | |
| Kodo Beast | 1 | |
| Shaman | 3 | |
| Rifleman | 2 | |
30 total
» upgrades
| Berserker Strength | 1 | |
| Melee Weapons | 1 | |
| Armor | 1 | |
| Shaman Training | 1 | |
| War Drums Damage Increase | 1 | |
5 total
» buildings
| Orc Burrow | 6 | |
| Altar of Storms | 1 | |
| Barracks | 1 | |
| Voodoo Lounge | 1 | |
| Stronghold | 4 | |
| War Mill | 1 | |
| Fortress | 3 | |
| Spirit Lodge | 1 | |
| Beastiary | 1 | |
| Tauren Totem | 3 | |
22 total
» build order
00:14 Orc Burrow
00:23 Altar of Storms
00:38 Barracks
01:26 Orc Burrow
01:46 Voodoo Lounge
02:55 Orc Burrow
03:54 Stronghold
03:55 Stronghold
03:55 Stronghold
05:13 War Mill
06:43 Fortress
06:43 Fortress
06:43 Fortress
06:47 Spirit Lodge
07:35 Beastiary
07:39 Orc Burrow
07:49 Orc Burrow
07:52 Orc Burrow
09:05 Tauren Totem
09:07 Tauren Totem
09:10 Tauren Totem
» items
| Healing Salve | 2 | |
| Scroll of Speed | 1 | |
| Lesser Clarity Potion | 1 | |
4 total
IMINCHANNEL. (
red | 49 APM | 1462 actions | 29:38)
4 Blood Mage
2 Flame Strike
2 Banish
» actions
| Assign group hotkey | 32 | |
| Basic commands | 5 | |
| Build / train | 85 | |
| Enter build submenu | 24 | |
| Enter hero's abilities submenu | 4 | |
| Give item / drop item | 2 | |
| Right click | 544 | |
| Select / deselect | 271 | |
| Select group hotkey | 340 | |
| Use ability | 155 | |
1462 total
» units
| Peasant | 15 | |
| Footman | 3 | |
| Goblin Shredder | 2 | |
| Goblin Zeppelin | 1 | |
| Sorceress | 8 | |
| Goblin Sapper | 6 | |
35 total
» upgrades
| Masonry | 3 | |
| Sorceress Training | 2 | |
| Magic Sentry | 1 | |
| Priest Training | 1 | |
7 total
» buildings
| Altar of Kings | 1 | |
| Barracks | 1 | |
| Farm | 8 | |
| Scout Tower | 36 | |
| Arcane Tower | 2 | |
| Town Hall | 2 | |
| Lumber Mill | 2 | |
| Keep | 1 | |
| Arcane Vault | 2 | |
| Blacksmith | 1 | |
| Guard Tower | 21 | |
| Arcane Sanctum | 2 | |
| Castle | 1 | |
80 total
» build order
00:22 Altar of Kings
00:33 Barracks
00:48 Farm
01:02 Farm
01:45 Scout Tower
02:03 Farm
02:14 Arcane Tower
03:44 Town Hall
03:47 Lumber Mill
04:56 Farm
05:21 Farm
05:28 Keep
05:54 Scout Tower
05:54 Scout Tower
05:55 Scout Tower
05:56 Scout Tower
05:57 Scout Tower
05:57 Scout Tower
05:59 Scout Tower
05:59 Scout Tower
06:04 Arcane Vault
06:26 Blacksmith
06:29 Guard Tower
06:31 Guard Tower
06:43 Scout Tower
06:43 Scout Tower
06:45 Scout Tower
06:45 Scout Tower
06:45 Scout Tower
07:20 Guard Tower
07:20 Guard Tower
07:23 Guard Tower
07:23 Guard Tower
07:34 Guard Tower
07:43 Lumber Mill
08:01 Guard Tower
08:01 Guard Tower
08:09 Arcane Sanctum
08:46 Castle
09:11 Guard Tower
09:53 Arcane Sanctum
10:04 Guard Tower
10:28 Scout Tower
10:28 Scout Tower
10:29 Scout Tower
10:30 Scout Tower
10:30 Scout Tower
10:31 Scout Tower
10:31 Scout Tower
10:32 Scout Tower
10:32 Scout Tower
10:33 Scout Tower
11:07 Farm
11:08 Farm
11:09 Farm
11:12 Guard Tower
11:41 Guard Tower
12:24 Guard Tower
12:24 Guard Tower
12:35 Scout Tower
12:35 Scout Tower
12:35 Scout Tower
12:36 Scout Tower
12:40 Arcane Tower
12:52 Scout Tower
12:52 Scout Tower
12:52 Scout Tower
14:01 Guard Tower
14:01 Guard Tower
16:54 Scout Tower
16:54 Scout Tower
16:55 Scout Tower
16:55 Scout Tower
22:29 Town Hall
22:34 Arcane Vault
» items
| Scroll of Regeneration | 2 | |
| Lesser Clarity Potion | 1 | |
| Scroll of Town Portal | 3 | |
| Potion of Mana | 4 | |
| Potion of Healing | 2 | |
| Orb of Fire | 1 | |
13 total
kiD (
yellow | 40 APM | 760 actions | 19:09)
2 Mountain King
1 Storm Bolt
1 Bash
1 Archmage
1 Summon Water Elemental
» actions
| Basic commands | 12 | |
| Build / train | 59 | |
| Enter build submenu | 33 | |
| Enter hero's abilities submenu | 4 | |
| Give item / drop item | 1 | |
| Right click | 434 | |
| Select / deselect | 169 | |
| Use ability | 48 | |
760 total
» units
| Peasant | 10 | |
| Footman | 5 | |
| Goblin Shredder | 1 | |
| Goblin Sapper | 4 | |
| Knight | 7 | |
27 total
» upgrades
| Masonry | 3 | |
| Swords | 1 | |
| Lumber Harvesting | 1 | |
5 total
» buildings
| Farm | 6 | |
| Altar of Kings | 1 | |
| Barracks | 2 | |
| Lumber Mill | 1 | |
| Scout Tower | 17 | |
| Arcane Tower | 1 | |
| Guard Tower | 16 | |
| Keep | 1 | |
| Arcane Vault | 1 | |
| Castle | 1 | |
| Blacksmith | 1 | |
| Town Hall | 1 | |
49 total
» build order
00:28 Farm
00:42 Altar of Kings
00:56 Barracks
01:10 Farm
01:55 Lumber Mill
02:23 Scout Tower
02:29 Scout Tower
02:54 Farm
03:00 Barracks
03:02 Arcane Tower
03:06 Guard Tower
03:11 Farm
03:23 Scout Tower
03:47 Scout Tower
03:55 Guard Tower
03:58 Scout Tower
04:04 Farm
04:23 Guard Tower
04:37 Guard Tower
04:50 Scout Tower
05:13 Keep
05:22 Guard Tower
05:29 Farm
05:45 Arcane Vault
06:38 Scout Tower
06:56 Scout Tower
07:16 Guard Tower
07:25 Scout Tower
07:37 Castle
07:39 Guard Tower
08:03 Blacksmith
08:05 Guard Tower
09:49 Scout Tower
09:53 Scout Tower
09:57 Scout Tower
10:01 Scout Tower
10:20 Guard Tower
10:21 Guard Tower
10:24 Guard Tower
10:30 Guard Tower
10:54 Scout Tower
10:56 Scout Tower
10:58 Scout Tower
11:03 Scout Tower
11:26 Guard Tower
11:28 Guard Tower
11:30 Guard Tower
11:33 Guard Tower
12:31 Town Hall
» items
| Scroll of Regeneration | 1 | |
| Potion of Healing | 2 | |
3 total
team 2 (winner)
2Fast4u (
green | 36 APM | 1058 actions | 29:38)
5 Death Knight
1 Death Coil
1 Death Pact
3 Unholy Aura
» actions
| Basic commands | 8 | |
| Build / train | 52 | |
| Enter build submenu | 17 | |
| Enter hero's abilities submenu | 5 | |
| Give item / drop item | 2 | |
| Remove unit from queue | 1 | |
| Right click | 636 | |
| Select / deselect | 266 | |
| Use ability | 71 | |
1058 total
» units
| Acolyte | 13 | |
| Ghoul | 4 | |
| Crypt Fiend | 12 | |
| Obsidian Statue | 2 | |
31 total
» upgrades
| Creature Attack | 1 | |
| Web | 1 | |
| Creature Carapace | 1 | |
3 total
» buildings
| Graveyard | 1 | |
| Crypt | 2 | |
| Altar of Darkness | 1 | |
| Ziggurat | 6 | |
| Tomb of Relics | 1 | |
| Halls of the Dead | 1 | |
| Spirit Tower | 3 | |
| Nerubian Tower | 1 | |
| Slaughterhouse | 1 | |
17 total
» build order
00:20 Graveyard
00:23 Crypt
00:43 Altar of Darkness
00:58 Ziggurat
01:14 Tomb of Relics
02:07 Ziggurat
02:25 Crypt
03:41 Ziggurat
05:16 Halls of the Dead
06:04 Ziggurat
06:22 Spirit Tower
06:28 Nerubian Tower
08:42 Slaughterhouse
09:52 Spirit Tower
09:53 Spirit Tower
09:57 Ziggurat
10:01 Ziggurat
» items
| Rod of Necromancy | 2 | |
| Scroll of Town Portal | 1 | |
| Potion of Healing | 1 | |
4 total

»
muffin_au_choco (
purple | 26 APM | 609 actions | 23:04)
4 Demon Hunter
2 Mana Burn
2 Evasion
» actions
| Basic commands | 31 | |
| Build / train | 55 | |
| Enter build submenu | 17 | |
| Enter hero's abilities submenu | 4 | |
| Right click | 216 | |
| Select / deselect | 248 | |
| Use ability | 38 | |
609 total
» units
| Wisp | 17 | |
| Huntress | 10 | |
| Glaive Thrower | 10 | |
37 total
» upgrades
| Strength of the Moon | 3 | |
| Moon Armor | 3 | |
| Sentinel | 1 | |
| Improved Bows | 1 | |
| Vorpal Blades | 1 | |
| Well Spring | 1 | |
| Upgrade Moon Glaive | 1 | |
11 total
» buildings
| Altar of Elders | 1 | |
| Moon Well | 6 | |
| Hunter's Hall | 1 | |
| Ancient of War | 3 | |
| Tree of Life | 1 | |
| Tree of Ages | 1 | |
| Ancient of Wonders | 1 | |
| Tree of Eternity | 1 | |
15 total
» build order
00:30 Altar of Elders
00:47 Moon Well
02:07 Hunter's Hall
02:35 Ancient of War
02:39 Ancient of War
03:01 Tree of Life
03:26 Moon Well
04:10 Ancient of War
04:30 Moon Well
07:15 Tree of Ages
08:39 Moon Well
08:54 Ancient of Wonders
09:50 Tree of Eternity
12:04 Moon Well
15:21 Moon Well
SecretEam (
orange | 91 APM | 2707 actions | 29:38)
7 Archmage
3 Summon Water Elemental
3 Brilliance Aura
1 Mass Teleport
» actions
| Assign group hotkey | 81 | |
| Basic commands | 254 | |
| Build / train | 133 | |
| ESC pressed | 5 | |
| Enter build submenu | 45 | |
| Enter hero's abilities submenu | 7 | |
| Give item / drop item | 3 | |
| Right click | 1042 | |
| Select / deselect | 306 | |
| Select group hotkey | 590 | |
| Use ability | 241 | |
2707 total
» units
| Peasant | 14 | |
| Footman | 11 | |
| Goblin Shredder | 4 | |
| Goblin Sapper | 7 | |
| Gryphon Rider | 5 | |
41 total
» upgrades
| Masonry | 2 | |
| Swords | 3 | |
| Armor | 3 | |
| Storm Hammers | 1 | |
| Animal War Training | 1 | |
| Cloud | 1 | |
| Plating | 1 | |
| Gunpowder | 1 | |
13 total
» buildings
| Altar of Kings | 1 | |
| Barracks | 1 | |
| Farm | 10 | |
| Lumber Mill | 1 | |
| Arcane Vault | 1 | |
| Town Hall | 1 | |
| Scout Tower | 27 | |
| Guard Tower | 26 | |
| Keep | 3 | |
| Blacksmith | 1 | |
| Castle | 3 | |
| Gryphon Aviary | 4 | |
79 total
» build order
00:34 Altar of Kings
00:47 Barracks
00:50 Farm
01:04 Farm
01:34 Farm
01:50 Lumber Mill
01:55 Arcane Vault
02:09 Farm
03:40 Town Hall
03:53 Scout Tower
03:56 Scout Tower
04:49 Guard Tower
05:42 Keep
05:42 Keep
05:43 Keep
05:51 Scout Tower
05:54 Scout Tower
05:57 Scout Tower
06:02 Scout Tower
06:05 Scout Tower
06:40 Guard Tower
07:28 Blacksmith
07:34 Scout Tower
07:34 Scout Tower
07:37 Scout Tower
07:42 Scout Tower
07:43 Scout Tower
08:04 Guard Tower
08:04 Guard Tower
08:04 Guard Tower
08:05 Guard Tower
08:05 Guard Tower
08:05 Guard Tower
08:06 Castle
08:07 Castle
08:09 Gryphon Aviary
08:10 Gryphon Aviary
08:13 Gryphon Aviary
08:40 Farm
08:57 Gryphon Aviary
09:41 Guard Tower
09:41 Guard Tower
09:42 Guard Tower
09:58 Scout Tower
09:59 Scout Tower
10:00 Scout Tower
10:03 Scout Tower
10:04 Scout Tower
10:05 Scout Tower
10:46 Guard Tower
10:47 Guard Tower
11:38 Guard Tower
11:38 Guard Tower
11:38 Guard Tower
14:37 Scout Tower
14:37 Scout Tower
14:38 Scout Tower
14:39 Scout Tower
14:40 Scout Tower
14:42 Scout Tower
14:43 Scout Tower
14:45 Scout Tower
14:47 Scout Tower
16:54 Guard Tower
16:54 Guard Tower
21:39 Farm
21:39 Farm
24:21 Farm
24:22 Farm
24:25 Farm
» items
| Scroll of Regeneration | 1 | |
| Ivory Tower | 4 | |
| Lesser Clarity Potion | 1 | |
| Potion of Healing | 1 | |
| Staff of Sanctuary | 1 | |
| Moonstone | 1 | |
| Orb of Venom | 1 | |
| Anti-magic Potion | 1 | |
11 total
RoboCopIsTheLaw (
pink | 40 APM | 1187 actions | 29:39)
7 Blood Mage
3 Flame Strike
2 Siphon Mana
1 Summon Phoenix
1 Banish
» actions
| Assign group hotkey | 25 | |
| Basic commands | 128 | |
| Build / train | 58 | |
| Enter build submenu | 34 | |
| Enter hero's abilities submenu | 8 | |
| Right click | 421 | |
| Select / deselect | 307 | |
| Select group hotkey | 114 | |
| Use ability | 92 | |
1187 total
» units
| Peasant | 13 | |
| Footman | 4 | |
| Goblin Shredder | 1 | |
| Sorceress | 2 | |
| Gryphon Rider | 4 | |
| Goblin Zeppelin | 1 | |
| Goblin Sapper | 1 | |
26 total
» upgrades
| Sorceress Training | 1 | |
| Magic Sentry | 1 | |
| Masonry | 3 | |
| Swords | 3 | |
| Armor | 3 | |
| Animal War Training | 1 | |
| Storm Hammers | 1 | |
| Cloud | 1 | |
14 total
» buildings
| Altar of Kings | 1 | |
| Barracks | 1 | |
| Farm | 8 | |
| Keep | 1 | |
| Arcane Vault | 1 | |
| Town Hall | 1 | |
| Arcane Sanctum | 1 | |
| Lumber Mill | 2 | |
| Castle | 1 | |
| Scout Tower | 12 | |
| Guard Tower | 2 | |
| Blacksmith | 2 | |
| Gryphon Aviary | 4 | |
37 total
» build order
00:36 Altar of Kings
00:37 Barracks
00:50 Farm
00:51 Farm
01:04 Farm
01:33 Farm
03:28 Keep
03:43 Arcane Vault
04:24 Town Hall
05:52 Arcane Sanctum
05:54 Lumber Mill
07:11 Castle
08:09 Scout Tower
08:09 Scout Tower
08:10 Scout Tower
08:11 Scout Tower
08:13 Scout Tower
08:14 Scout Tower
08:17 Scout Tower
08:21 Scout Tower
08:22 Scout Tower
08:24 Scout Tower
08:26 Scout Tower
08:28 Scout Tower
08:58 Guard Tower
09:01 Guard Tower
11:02 Blacksmith
11:03 Blacksmith
18:40 Gryphon Aviary
18:41 Gryphon Aviary
18:42 Gryphon Aviary
18:43 Gryphon Aviary
18:46 Lumber Mill
18:52 Farm
18:53 Farm
18:55 Farm
18:56 Farm
» items
| Scroll of Regeneration | 2 | |
| Mechanical Critter | 1 | |
| Lesser Clarity Potion | 1 | |
| Scroll of Town Portal | 2 | |
6 total
Chat log
(00:17 / Allies) muffin_au_choco: i got fast expo kill tree wiht my tree
(00:28 / Allies) SecretEam: k
(00:28 / Allies) RoboCopIsTheLaw: he is prob going blood mage
(00:32 / Allies) RoboCopIsTheLaw: first come first serve
(01:08 / All) 2Fast4u: gl redskin
(01:23 / All) IMINCHANNEL.: rg3 . is he better than andrew luck
(01:25 / All) RoboCopIsTheLaw: your name offends me
(01:29 / All) RoboCopIsTheLaw: I am a noble gut eater
(06:18 / All) SecretEam: out
(06:18 / All) SecretEam: d
(06:19 / All) SecretEam: d
(06:38 / Allies) SecretEam: you plan to invisiharass pink?
(06:44 / Allies) RoboCopIsTheLaw: yes
(06:51 / Allies) SecretEam: you use book of dead then
(06:55 / Allies) SecretEam: and gloves of haste
(06:58 / Allies) RoboCopIsTheLaw: kk
(07:29 / Allies) muffin_au_choco: 3 expo
(07:34 / Allies) muffin_au_choco: i need somone scout 4 base
(07:44 / All) IMINCHANNEL.: D
(07:45 / All) SecretEam: d
(07:45 / All) SecretEam: D
(08:27 / Allies) muffin_au_choco: need mage kill tree
(08:56 / Allies) 2Fast4u: shop sec
(09:14 / All) RoboCopIsTheLaw: teal you will wish you did drop
(09:14 / All) SecretEam: G
(09:20 / Allies) SecretEam: invis me?
(09:43 / Allies) SecretEam: ty
(10:24 / Allies) SecretEam: book of dead so op with invisiharass lawl
(11:36 / All) SecretEam: LOL
(11:37 / All) IMINCHANNEL.: be strong yellow
(11:45 / All) RoboCopIsTheLaw: lol
(11:51 / Allies) muffin_au_choco: they tower all map
(12:02 / Allies) RoboCopIsTheLaw: his mana tower killed some skeles lawl
(12:10 / Allies) RoboCopIsTheLaw: I tried to use it to take down the mana tower
(12:21 / Allies) SecretEam: I always underestimate feedback
(13:32 / Allies) muffin_au_choco: pink no unit wtf
(13:44 / Allies) SecretEam: me neither, units are for noobs
(13:45 / Allies) RoboCopIsTheLaw: don't worry your hunts won teh game
(13:50 / Allies) SecretEam: dota is more popular for a reason
(13:53 / Allies) SecretEam: 1 unit, all you need
(13:55 / Allies) muffin_au_choco: u joking
(14:05 / All) IMINCHANNEL.: i dont like u, green
(14:13 / Allies) RoboCopIsTheLaw: god's honest truth
(14:18 / All) 2Fast4u: np
(14:27 / All) 2Fast4u: ill hate u
(14:33 / All) 2Fast4u: w3c
(14:36 / All) 2Fast4u: or god
(14:38 / All) 2Fast4u: fuck all
(14:58 / All) RoboCopIsTheLaw: sup kid
(15:02 / All) RoboCopIsTheLaw: daddy's home, step daddy
(15:32 / All) SecretEam: bolted wrong hero lol
(15:37 / Allies) muffin_au_choco: we are lucky they were noob
(15:46 / All) 2Fast4u: loll
(15:55 / All) SecretEam: could've killed my am
(16:15 / Allies) 2Fast4u: gold
(16:16 / Allies) 2Fast4u: plz
(16:17 / Allies) 2Fast4u: loll
(16:18 / All) 2Fast4u: :P
(16:36 / Allies) 2Fast4u: gold plzz
(17:07 / All) SecretEam: you scrubs even got enough to feed me level 6?
(17:11 / All) IMINCHANNEL.: nlawl
(17:15 / All) IMINCHANNEL.: yellow hasnt said one word
(17:19 / Allies) SecretEam: let's get the mk when it pops again
(17:37 / Allies) 2Fast4u: fuck off red
(18:16 / All) RoboCopIsTheLaw: kid's god spunk, doesn't give up!
(18:17 / All) SecretEam: nice some good knights to feed me
(19:09 / All) IMINCHANNEL.: thx green
(19:13 / All) 2Fast4u: np;)
(20:31 / Allies) 2Fast4u: what u do
(20:33 / Allies) 2Fast4u: orange
(20:38 / Allies) SecretEam: what I do is tk you
(20:58 / Allies) 2Fast4u: stop this
(21:25 / Allies) SecretEam: I tk you
(21:27 / Allies) SecretEam: how mad you are?
(22:13 / All) RoboCopIsTheLaw: nice flamestrike on phoenix egg
(22:14 / Allies) 2Fast4u: stop this plz
(22:15 / Allies) 2Fast4u: cmon
(22:21 / All) IMINCHANNEL.: wasnt sure it would hit
(22:26 / All) IMINCHANNEL.: now i know it doesnt
(22:39 / Allies) 2Fast4u: orange tk me
(22:40 / Allies) muffin_au_choco: wrtf
(22:54 / Allies) 2Fast4u: kill orange
(22:57 / Allies) 2Fast4u: or we loose
(23:04 / Allies) SecretEam: you loose after I'm done with your pussy, noob
(23:16 / Allies) SecretEam: how mad you are green? you loose
(23:18 / Allies) RoboCopIsTheLaw: bad boy green
(23:19 / Allies) SecretEam: you lose the game
(23:23 / Allies) RoboCopIsTheLaw: You don't use purple
(23:24 / Allies) 2Fast4u: np
(23:25 / Allies) RoboCopIsTheLaw: purple die like you
(23:33 / Allies) SecretEam: Pink and I give you loss
(23:33 / All) IMINCHANNEL.: y green no talk
(23:34 / Allies) SecretEam: how mad?
(23:34 / Allies) 2Fast4u: for fun
(24:02 / Allies) 2Fast4u: french^
(24:03 / Allies) RoboCopIsTheLaw: you dead now!!!
(24:54 / All) SecretEam: polymorph is such a noob spell
(25:20 / All) IMINCHANNEL.: yes
(25:36 / All) RoboCopIsTheLaw: green was 2slow4us
(25:38 / All) RoboCopIsTheLaw: hEHEHEHEHEHEHE
(25:47 / All) IMINCHANNEL.: i see what u did thar teee heee
(26:51 / Allies) SecretEam: You lose green
(26:53 / Allies) SecretEam: You can leave now
(26:56 / Allies) RoboCopIsTheLaw: I never crept my greens
(27:00 / Allies) SecretEam: 4-3 green
(27:06 / Allies) SecretEam: me neither until the very end
(27:16 / All) IMINCHANNEL.: taking a shit brb
(27:22 / Allies) SecretEam: if you have someone to creep golems with they're a waste of time really
(27:35 / Allies) SecretEam: can creep lab, maybe island if you have bm
(27:41 / Allies) RoboCopIsTheLaw: I think level 3 dk can creep the golem alone
(27:41 / Allies) SecretEam: then go for centre expos and golems and hit
(28:02 / Allies) RoboCopIsTheLaw: I sent level 3 dk to them once
(28:05 / Allies) RoboCopIsTheLaw: to kill it
(28:09 / Allies) RoboCopIsTheLaw: and it crept them
(28:10 / Allies) RoboCopIsTheLaw: lol
(28:14 / All) SecretEam: lawl
(29:19 / Allies) SecretEam: anything to say for yourself green?
(29:29 / Allies) 2Fast4u: gg